 Dungeon Crawl Stone Soup version 0.31-a0-986-g5e6e4ef867 (webtiles) character file.

Game seed: 10612360576215675007

2475688 FakeRyeBread the Conqueror (level 27, 199/199 HPs)
             Began as a Gargoyle Fighter on Nov 8, 2023.
             Was a High Priest of Okawaru.
             Escaped with the Orb
             ... and 4 runes on Nov 9, 2023!
             The game lasted 05:08:44 (66645 turns).

FakeRyeBread the Conqueror (Gargoyle Fighter)      Turns: 66645, Time: 05:08:45

Health: 199/199    AC: 62    Str: 32    XL:     27
Magic:  34/34      EV: 21    Int: 15    God:    Okawaru [*****.]
Gold:   5929       SH: 38    Dex: 15    Spells: 26/26 levels left

rFire   + + +        Q - +10 morningstar "Eos" {elec, Halo rElec}
rCold   + + .        c - +8 tower shield {rC+}
rNeg    + + .        Y - +11 plate armour "Efelyl" {rF+}
rPois   ∞            s - +2 helmet
rElec   +            W - +0 cloak "Dilo" {Harm rF+ rC+ Int+2}
rCorr   +            E - +0 pair of fencer's gloves {Riposte Dex+3}
SInv    .            j - +1 pair of boots of Fortitude {Will+ Dex+3}
Will    +++++        x - amulet of Bunuxuq {Reflect Regen+ SH+5} Stlth
                     X - ring "Puiqeimn" {Fire Will++ rCorr Str+2 Stlth-}
HPRegen 1.33/turn    e - ring of the Red Skies {rN+ rCorr EV+5 Str+2 Dex+2}
MPRegen 0.24/turn

%: harm (+30% outgoing, +20% incoming), reflection
@: flying, glowing, studying 4 skills
A: sickness immunity, AC +20, big wings, negative energy resistance 1,
electricity resistance, torment resistance 1, petrification resistance,
iridescent scales 1, clumsy 1, cold resistance 1, deformed body, weak 1,
MP-powered wands
0: Orb of Zot
}: 4/15 runes: barnacled, slimy, silver, gossamer
a: Renounce Religion, Heroism, Finesse, Duel


You escaped.
You worshipped Okawaru.
Okawaru was extremely pleased with you.
You visited 12 branches of the dungeon, and saw 56 of its levels.
You visited 1 bazaar.
You also visited: Trove, Ice Cave, Wizlab and Desolation.

You collected 10509 gold pieces.
You spent 4580 gold pieces at shops.

Inventory:

Hand Weapons
 Q - the +10 morningstar "Eos" (weapon) {elec, Halo rElec}
   (Okawaru gifted it to you on level 14 of the Dungeon)

   Halo:      It grants its wielder a halo, revealing invisible creatures and
   increasing accuracy against all within it other than the wielder.
   rElec:     It insulates you from electricity.
 R - a +9 sacred scourge of holy wrath
Missiles
 k - 11 javelins (quivered)
 B - 16 silver javelins
Armour
 c - a +8 tower shield of cold resistance (worn)
 j - the +1 pair of boots of Fortitude (worn) {Will+ Dex+3}
   (You found it on level 1 of the Vaults)

   Dex+3:     It affects your dexterity (+3).
   Will+:     It increases your willpower.
 s - a +2 helmet (worn)
 E - the +0 pair of fencer's gloves (worn) {Riposte Dex+3}
   (You found it on level 4 of the Shoals)

   Riposte:   It allows the wearer to riposte with melee weapons, swiftly
   retaliating against missed or blocked melee attacks.
   Dex+3:     It affects your dexterity (+3).
 W - the +0 cloak "Dilo" (worn) {Harm rF+ rC+ Int+2}
   (You found it on level 2 of the Realm of Zot)

   Int+2:     It affects your intelligence (+2).
   rF+:       It protects you from fire.
   rC+:       It protects you from cold.
   Harm:      It increases damage dealt and taken.
 Y - the +11 plate armour "Efelyl" (worn) {rF+}
   (You found it in a wizard's laboratory)

   rF+:       It protects you from fire.
Jewellery
 e - the ring of the Red Skies (right hand) {rN+ rCorr EV+5 Str+2 Dex+2}
   (You found it in the Desolation of Salt)

   [ring of evasion]

   EV+5:      It affects your evasion (+5).
   Str+2:     It affects your strength (+2).
   Dex+2:     It affects your dexterity (+2).
   rN+:       It protects you from negative energy.
   rCorr:     It protects you from acid and corrosion.
 t - the ring "Laymaly" {rN+ Will+ Slay+4}
   (You acquired it on level 3 of the Dungeon)

   [ring of slaying]

   Slay+4:    It affects your accuracy & damage with ranged weapons and melee
   (+4).
   rN+:       It protects you from negative energy.
   Will+:     It increases your willpower.
 w - the ring "Yfeus" {+Blink rCorr MP+9 Int-5 SInv}
   (You found it on level 3 of the Elven Halls)

   [ring of magical power]

   Int-5:     It affects your intelligence (-5).
   MP+9:      It affects your magic capacity (+9).
   SInv:      It lets you see invisible.
   +Blink:    It lets you blink.
   rCorr:     It protects you from acid and corrosion.
 x - the amulet of Bunuxuq (around neck) {Reflect Regen+ SH+5}
   (You found it in the Desolation of Salt)

   [amulet of reflection]

   Reflect:   It reflects blocked missile attacks.
   Regen+:    It increases your rate of health regeneration.
   SH+5:      It affects your SH (+5).
 X - the ring "Puiqeimn" (left hand) {Fire Will++ rCorr Str+2 Stlth-}
   (You found it in a wizard's laboratory)

   [ring of fire]

   Fire:      It enhances your fire magic.
   Str+2:     It affects your strength (+2).
   rF+:       It protects you from fire.
   rC-:       It makes you vulnerable to cold.
   Will++:    It greatly increases your willpower.
   rCorr:     It protects you from acid and corrosion.
   Stlth-:    It makes you less stealthy.
Wands
 a - a wand of roots (42)
 A - a wand of mindburst (82)
 D - a wand of flame (140)
 I - a wand of acid (20)
 K - a wand of digging (28)
 Z - a wand of polymorph (9)
Scrolls
 f - 30 scrolls of teleportation
 m - 5 scrolls of fog
 y - 2 scrolls of brand weapon
 z - 3 scrolls of enchant weapon
 C - 10 scrolls of fear
 G - 2 scrolls of blinking
 L - 9 scrolls of immolation
 M - 2 scrolls of amnesia
 P - 4 scrolls of poison
 T - a scroll of silence
 U - 2 scrolls of enchant armour
 V - 2 scrolls of revelation
Potions
 b - 5 potions of invisibility
 d - 11 potions of might
 g - 3 potions of magic
 i - a potion of attraction
 l - 4 potions of cancellation
 n - 16 potions of curing
 o - 4 potions of haste
 p - 9 potions of heal wounds
 r - a potion of berserk rage
 u - 8 potions of lignification
 v - 5 potions of enlightenment
 F - 6 potions of mutation
 S - 13 potions of ambrosia


   Skills:
 O Level 27 Fighting
 - Level 16.1 Maces & Flails
 + Level 19.9 Throwing
 O Level 27 Armour
 + Level 15.4 Dodging
 O Level 27 Shields
 - Level 15.0 Invocations


You had 26 spell levels left.
You didn't know any spells.
Your spell library contained the following spells:

 Spells                   Type           Power      Damage    Failure   Level
 Apportation              Tloc           0%         N/A       56%         1
 Foxfire                  Conj/Fire      0%         2x1d4     56%         1
 Freeze                   Ice            0%         1d3       56%         1
 Magic Dart               Conj           0%         1d3       56%         1
 Necrotise                Necr           0%         1d4       56%         1
 Shock                    Conj/Air       0%         1d3       56%         1
 Sting                    Tmut/Pois      0%         1d3       56%         1
 Blink                    Tloc           0%         N/A       71%         2
 Ensorcelled Hibernation  Hex/Ice        0%         N/A       71%         2
 Jinxbite                 Hex            0%         N/A       71%         2
 Lesser Beckoning         Tloc           0%         N/A       71%         2
 Momentum Strike          Conj/Tloc      0%         3d8       71%         2
 Poisonous Vapours        Pois/Air       0%         N/A       71%         2
 Scorch                   Fire           0%         2d5       71%         2
 Dazzling Flash           Conj/Hex       0%         N/A       91%         3
 Frozen Ramparts          Ice            0%         1d1       91%         3
 Gell's Gravitas          Tloc           0%         N/A       91%         3
 Hailstorm                Conj/Ice       0%         3d3       91%         3
 Mephitic Cloud           Conj/Pois/Air  0%         N/A       91%         3
 Ozocubu's Armour         Ice            0%         N/A       91%         3
 Sigil of Binding         Hex            0%         N/A       91%         3
 Stone Arrow              Conj/Erth      0%         3d7       91%         3
 Swiftness                Air            0%         N/A       91%         3
 Teleport Other           Tloc           0%         N/A       91%         3
 Vampiric Draining        Necr           0%         2d6       91%         3
 Volatile Blastmotes      Fire/Tloc      0%         2d10      91%         3
 Airstrike                Air            0%         2d(0-16)  100%        4
 Anguish                  Hex/Necr       0%         N/A       100%        4
 Brom's Barrelling Bould  Conj/Erth      0%         2d3       100%        4
 Cause Fear               Hex            0%         N/A       100%        4
 Dimensional Bullseye     Hex/Tloc       0%         N/A       100%        4
 Dispel Undead            Necr           0%         3d6       100%        4
 Flame Wave               Conj/Fire      0%         2d4       100%        4
 Fulminant Prism          Conj/Hex       0%         3d5       100%        4
 Iskenderun's Mystic Bla  Conj/Tloc      0%         2d3       100%        4
 Leda's Liquefaction      Hex/Erth       0%         N/A       100%        4
 Manifold Assault         Tloc           0%         N/A       100%        4
 Olgreb's Toxic Radiance  Pois           0%         N/A       100%        4
 Passage of Golubria      Tloc           0%         N/A       100%        4
 Vhi's Electric Charge    Tloc/Air       0%         N/A       100%        4
 Agony                    Necr           0%         N/A       100%        5
 Alistair's Intoxication  Tmut/Pois      0%         N/A       100%        5
 Arcjolt                  Conj/Air       0%         1d10      100%        5
 Borgnjor's Vile Clutch   Necr/Erth      0%         N/A       100%        5
 Freezing Cloud           Conj/Ice/Air   0%         6-21      100%        5
 Lee's Rapid Deconstruct  Erth           0%         3d4*      100%        5
 Metabolic Englaciation   Hex/Ice        0%         N/A       100%        5
 Silence                  Hex/Air        0%         N/A       100%        5
 Bombard                  Conj/Erth      0%         9d1       100%        6
 Conjure Ball Lightning   Conj/Air       0%         3x3d6     100%        6
 Dispersal                Tloc           0%         N/A       100%        6
 Eringya's Noxious Bog    Tmut/Pois      0%         4d6       100%        6
 Plasma Beam              Fire/Air       0%         2x1d10    100%        6
 Starburst                Conj/Fire      0%         6d3       100%        6
 Enfeeble                 Hex            0%         N/A       100%        7
 Orb of Destruction       Conj           0%         9d5       100%        7
 Ozocubu's Refrigeration  Ice            0%         4d7       100%        7
 Discord                  Hex            0%         N/A       100%        8
 Disjunction              Tloc           0%         N/A       100%        8
 Lehudib's Crystal Spear  Conj/Erth      0%         10d2      100%        8
 Chain Lightning          Conj/Air       0%         N/A       100%        9
 Fire Storm               Conj/Fire      0%         5d1       100%        9
 Shatter                  Erth           0%         3d5*      100%        9
 Summon Small Mammal      Summ           Unusable   N/A       N/A         1
 Call Imp                 Summ           Unusable   N/A       N/A         2
 Cigotuvi's Dreadful Rot  Necr/Pois/Air  Unusable   N/A       N/A         2
 Call Canine Familiar     Summ           Unusable   N/A       N/A         3
 Summon Guardian Golem    Hex/Summ       Unusable   N/A       N/A         3
 Animate Armour           Summ/Erth      Unusable   N/A       N/A         4
 Animate Dead             Necr           Unusable   N/A       N/A         4
 Summon Forest            Summ/Tloc      Unusable   N/A       N/A         5
 Summon Mana Viper        Hex/Summ       Unusable   N/A       N/A         5
 Death Channel            Necr           Unusable   N/A       N/A         6
 Summon Cactus Giant      Summ           Unusable   N/A       N/A         6
 Malign Gateway           Summ/Tloc      Unusable   N/A       N/A         7
 Spellforged Servitor     Conj/Summ      Unusable   N/A       N/A         7
 Summon Hydra             Summ           Unusable   N/A       N/A         7

Dungeon Overview and Level Annotations

Branches:
Dungeon (15/15)            Temple (1/1) D:5            Lair (5/5) D:8
 Shoals (4/4) Lair:3       Spider (4/4) Lair:3        Slime (5/5) Lair:5
    Orc (2/2) D:9             Elf (3/3) Orc:2        Vaults (5/5) D:14
  Crypt (3/3) Vaults:3       Tomb (0/3) Crypt:3      Depths (4/4) D:15
    Zot (5/5) Depths:4      IceCv (visited)          WizLab (visited)
Desolation (visited)

Altars:
Ashenzari
Cheibriados
Dithmenos
Elyvilon
Fedhas
Gozag
Hepliaklqana
Kikubaaqudgha
Makhleb
Nemelex Xobeh
Okawaru
Qazlal
Ru
Sif Muna
Trog
Uskayaw
Vehumet
Wu Jian
Xom
Yredelemnul
Zin
The Shining One
Jiyva

Shops:
D:2 :   D:5 *   Orc:2 ?(*[!   Elf:1 [(   Elf:2 ?   Elf:3 (   Vaults:2 [
Vaults:4 (   Depths:1 :*   Depths:3 [[*?

Portals:
Hell: Depths:1 Depths:2 Depths:3 Depths:4
Abyss: Depths:1 Depths:3
Pandemonium: Depths:2
Ziggurat: Depths:2

Annotations:
Spider:1 3 runed translucent doors, snackwell's ghost, adept TrMo


Innate Abilities, Weirdness & Mutations

You are immune to sickness and miasma.
Your stone body is resilient. (AC +20)
You are immune to poison.
Your large and strong wings let you fly.
You resist negative energy. (rN+)
You are resistant to electric shocks. (rElec)
You are resistant to unholy torment.
You are immune to petrification.
You are partially covered in iridescent scales. (AC +2)
You are clumsy. (Dex -2)
Your flesh is cold resistant. (rC+)
Armour fits poorly on your strangely shaped body.
You are weak. (Str -2)
You expend magic power (3 MP) to strengthen your wands.


Message History

You fly upwards.
You feel yourself slow down.
There is a stone staircase leading down here.
What level of the Dungeon? (default 9, ? - help) HP restored.
You feel a little less mighty now.
There is a stone staircase leading up here.
You fly upwards.
There is a stone staircase leading down here.
There is a shaft here.
There is a stone staircase leading up here.
You fly upwards.
There is a stone staircase leading down here.
Items here: (( ))).
You see here a +0 club.
There is a stone staircase leading up here.
You fly upwards.
There is a stone staircase leading down here.
There is a stone staircase leading up here.
You fly upwards.
There is a stone staircase leading down here.
There is a stone staircase leading up here.
You fly upwards.
There is a stone staircase leading down here.
There is a stone staircase leading up here.
You fly upwards.
There is a stone staircase leading down here.
You hear a chilling moan.
A lorocyproca comes into view.
You feel yourself speed up. You block the lorocyproca's attack.
There is an escape hatch in the ceiling here.
A mysterious force pulls you upwards. The hatch slams shut behind you.
What level of the Dungeon? (default 1, ? - help)
You see here a +0 dagger.
Your extra speed is starting to run out.
You see here a +0 club.
You feel yourself slow down.
There is a staircase leading out of the dungeon here.
You have escaped!

###### ################## #.>..#
#...............[#
#....#########@...##...##.....#
#...........##................#
###....######..################.#
..#....####.................###.#
..#######...##...###.........)..#
..## ##..###..#####........#####
#..####..#....## #.........#
.......)#..#### ##.#########
##.........#######..#


There were no monsters in sight!

Vanquished Creatures
  the Royal Jelly (Slime:5)
  4 dread liches
  Khufu (Crypt:3)
  4 ancient liches
  6 orbs of fire
  A juggernaut (Depths:4)
  The ghost of Foeck the Wrestler, a veteran TrCK of Xom (Zot:2)
  Vv (Zot:3)
  A royal mummy (Crypt:3)
  Sojobo (Vaults:5)
  Frederick (Crypt:3)
  2 shard shrikes (Zot:2)
  Xtahua (Crypt:3)
  5 Killer Klowns (Zot:5)
  Margery (Vaults:2)
  A curse toe (Zot:5)
  3 caustic shrikes
  17 golden dragons
  Norris (Depths:2)
  Nikola (Shoals:2)
  2 bone dragons (Crypt:3)
  The ghost of Lobster4 the Slayer, an adept DjHW of Makhleb (Elf:3)
  4 electric golems
  An iron giant (Zot:5)
  3 liches
  12 titans
  13 tentacled monstrosities
  Mlioglotl (Shoals:2)
  27 Orb Guardians
  2 deep elf blademasters (Elf:3)
  Asterion (Spider:3)
  13 quicksilver dragons
  2 deep elf master archers (Elf:3)
  33 acid blobs
  The ghost of Konionua the Bewitcher, an adept KoEn of Dithmenos (Vaults:4)
  6 sphinxes
  Gastronok (D:10)
  7 ancient champions
  A kraken (Shoals:3)
  5 death cobs
  10 tengu reavers
  16 shadow dragons
  Kirke (Shoals:4)
  13 draconian monks
  Roxanne (Spider:1)
  Aizul (Elf:3)
  16 storm dragons
  4 revenants
  11 azure jellies
  3 draconian knights
  7 emperor scorpions
  15 rockslimes
  Louise (Elf:3)
  3 imperial myrmidons (Desolation)
  8 fire giants
  A juggernaut zombie (Depths:3)
  4 deep elf sorcerers
  14 frost giants
  17 vault wardens
  10 ghost moths
  4 curse skulls
  3 iron dragons
  9 draconian shifters
  4 deep elf elementalists
  2 draconian scorchers
  8 ghouls (Crypt:2)
  3 angels
  2 spriggan defenders (Depths:2)
  The ghost of Whiskey the Metamorph, a journeyman OpSh of Gozag (Shoals:1)
  123 slime creatures
  29 ironbound preservers
  6 draconian stormcallers
  3 war gargoyles
  2 orc warlords
  16 quicksilver oozes
  2 juggernaut skeletons
  10 formless jellyfish
  13 draconian annihilators
  A reaper (Crypt:3)
  A caustic shrike skeleton (Crypt:3)
  14 ironbound thunderhulks
  A rockslime zombie (Crypt:3)
  5 vampire knights
  9 very ugly things
  12 stone giants
  Azrael (D:13)
  Nessos (D:14)
  18 black draconians
  7 dire elephants
  16 green draconians
  8 deep elf annihilators
  6 deep elf demonologists
  15 red draconians
  10 yellow draconians
  11 white draconians
  20 purple draconians
  A blizzard demon (Depths:3)
  9 spark wasps
  4 eidola
  17 deep elf death magi
  13 ettins
  16 jiangshi
  14 merfolk impalers
  4 merfolk javelineers
  A quicksilver dragon zombie (Crypt:2)
  8 fire dragons
  Josephine (D:14)
  8 ragged hierophants (Desolation)
  8 crystal guardians
  3 entropy weavers
  4 deep elf high priests
  32 vault guards
  A spriggan zombie (Crypt:3)
  A rakshasa (Depths:2)
  Erolcha (D:10)
  13 yaktaur captains
  The ghost of javelincjr the Mimic, a journeyman DgSh (Shoals:1)
  A salamander tyrant (WizLab)
  A great orb of eyes (shapeshifter) (Vaults:5)
  4 spriggan skeletons (Crypt:3)
  8 servants of whispers (Desolation)
  15 great orbs of eyes
  14 peacekeepers
  7 hydras
  A caustic shrike simulacrum (Depths:3)
  9 ice dragons
  A sphinx zombie (Crypt:2)
  2 spriggan air magi
  A boulder beetle (shapeshifter) (Vaults:5)
  3 catoblepae
  2 merfolk avatars
  10 ironbound frosthearts
  4 two-headed ogres
  A quicksilver dragon skeleton (Crypt:3)
  5 jorogumos (Spider:2)
  10 centaur warriors (Vaults:2)
  2 ogre magi (Vaults:5)
  5 boulder beetles
  A spectral frost giant (Vaults:4)
  2 radroaches (Spider:2)
  3 hell hogs (Depths:4)
  3 merfolk aquamancers
  3 death yaks
  4 satyrs
  2 alligator snapping turtles
  29 dancing weapons
  2 death knights
  7 tengu warriors
  2 deep troll shamans
  A death yak (shapeshifter) (Vaults:5)
  7 deep troll earth magi
  5 demonic crawlers
  11 vampire magi
  11 occultists
  3 spriggan berserkers (Depths:2)
  17 hell knights
  A shock serpent (shapeshifter) (D:11)
  4 iron trolls
  A sun demon (Depths:4)
  13 deep elf knights
  4 soul eaters
  A titan skeleton (Crypt:3)
  9 skysharks
  A salamander mystic (Depths:4)
  A fire crab (Lair:5)
  A sixfirhy (Zot:3)
  3 spark wasp zombies (Depths:2)
  51 skeletal warriors
  3 death drakes (Depths:4)
  3 pharaoh ants (Spider:3)
  2 cherubim (Elf:3)
  2 shadow wraiths
  14 sea snakes
  An anaconda zombie (Crypt:1)
  A bunyip zombie (Crypt:2)
  5 sun moths
  4 flayed ghosts
  83 deep trolls
  15 orb spiders
  A death drake (shapeshifter) (Depths:4)
  7 lindwurms
  7 glowing orange brains
  An orange crystal statue (Depths:1)
  3 bunyip skeletons (Crypt:3)
  8 arcanists
  Pikel (D:6)
  5 bog bodies
  7 deep elf archers
  25 deep elf pyromancers
  15 necromancers
  A steelbarb worm (Spider:2)
  12 phantasmal warriors
  21 ironbound convokers
  21 deep elf zephyrmancers
  5 orc knights
  9 harpies
  A sphinx simulacrum (Vaults:4)
  An orc sorcerer (Elf:2)
  2 anaconda skeletons (Crypt:3)
  A stone giant zombie (Vaults:4)
  6 salamanders
  5 cyclopes
  10 shining eyes
  A frost giant zombie (Vaults:4)
  32 moths of wrath
  20 fauns
  8 manticores
  17 ugly things
  13 wolf spiders
  A centaur zombie (Crypt:3)
  A moth of wrath (shapeshifter) (Depths:3)
  14 elephants
  3 ice statues
  A human skeleton (Vaults:2)
  3 stone giant skeletons
  3 black mambas
  Maurice (D:10)
  2 guardian serpents (Desolation)
  3 smoke demons (Depths:4)
  6 water nymphs
  12 merfolk sirens
  Joseph (D:9)
  A guardian serpent (shapeshifter) (Elf:2)
  An eye of devastation (Slime:5)
  16 cane toads
  11 vault sentinels
  8 gargoyles (WizLab)
  A hellion (Depths:4)
  A dire elephant skeleton (Crypt:3)
  6 kobold demonologists
  2 molten gargoyles
  6 torpor snails
  7 komodo dragons
  A white draconian zombie (Crypt:2)
  6 unseen horrors
  26 yaktaurs
  15 freezing wraiths
  A bunyip simulacrum (Crypt:1)
  2 yaktaur zombies
  3 rime drakes
  9 tengu conjurers
  An efreet (D:13)
  4 guardian mummies (Crypt:3)
  12 meliai
  32 merfolk
  6 trolls
  A merfolk (shapeshifter) (Vaults:4)
  7 polar bears
  A tyrant leech (shapeshifter) (Depths:2)
  4 wind drakes
  13 hornets
  A hornet (shapeshifter) (Elf:3)
  A tengu simulacrum (Vaults:4)
  3 harpy skeletons (Crypt:3)
  21 tarantellas
  50 saltlings (Desolation)
  3 large abominations (Depths:1)
  12 dream sheep
  13 blink frogs
  6 glass eyes
  10 snapping turtles
  An ettin zombie (Crypt:3)
  21 jumping spiders
  A jumping spider zombie (Crypt:1)
  A centaur simulacrum (D:14)
  4 air elementals
  20 culicivoras
  9 flying skulls (Crypt:3)
  13 water elementals
  A guardian serpent skeleton (Crypt:2)
  9 wraiths
  51 yaks
  3 wyverns
  A shadow (D:10)
  13 spriggans
  7 fire elementals
  4 basilisks
  Eustachio (D:4)
  22 humans
  11 golden eyes
  A slime creature zombie (Crypt:3)
  A yaktaur simulacrum (Vaults:4)
  3 chaos spawn (Depths:1)
  A steam dragon (D:8)
  A steam dragon (shapeshifter) (Vaults:5)
  2 death yak simulacra (IceCv)
  A hog (Shoals:4)
  50 redbacks
  7 vampire mosquitoes (D:11)
  A swamp worm (shapeshifter) (Elf:1)
  A redback (shapeshifter) (Vaults:4)
  Menkaure (D:7)
  9 wargs
  2 harpy simulacra (IceCv)
  4 acid dragons
  2 naga skeletons (Crypt:3)
  3 hell hounds (D:14)
  11 water moccasins
  A hydra simulacrum (IceCv)
  A faun skeleton (Crypt:2)
  4 small abominations (Depths:1)
  A fire bat skeleton (Crypt:3)
  31 orc warriors
  A sky beast (D:5)
  A hornet zombie (Crypt:3)
  An ettin simulacrum (Crypt:3)
  5 black bears
  A black mamba simulacrum (Crypt:1)
  2 human zombies
  2 ogres
  4 boggarts
  33 wolves
  A snapping turtle skeleton (Crypt:1)
  12 centaurs
  4 lemures (D:6)
  A phantom (D:6)
  Blork the orc (D:5)
  A necrophage (Crypt:2)
  8 kobold brigands
  12 bullfrogs
  3 scorpions
  3 gnoll sergeants
  An earth elemental (WizLab)
  3 elf skeletons
  8 two-headed ogre simulacra
  3 cane toad simulacra (IceCv)
  A wight (D:6)
  13 killer bees
  A water moccasin skeleton (Crypt:3)
  2 elephant simulacra
  17 howler monkeys
  7 electric eels
  3 jellies
  6 hounds
  15 orc priests
  Crazy Yiuf (D:2)
  3 gnoll boudas
  Natasha (thrice) (D:2)
  2 centaur skeletons (Crypt:3)
  3 iguanas
  22 orc wizards
  2 lightning spires (WizLab)
  12 spriggan simulacra (IceCv)
  7 troll simulacra
  2 polar bear simulacra
  A wolf simulacrum (IceCv)
  2 mummies (Crypt:3)
  Robin (D:2)
  A howler monkey zombie (Crypt:2)
  23 gnolls
  6 adders
  5 naga simulacra
  2 shadow imps
  8 white imps
  10 ufetubi
  3 worms
  62 orcs
  9 ball pythons
  5 bats
  12 endoplasms
  4 giant cockroaches
  A gnoll zombie (Crypt:1)
  11 hobgoblins
  5 quokkas
  An endoplasm zombie (Crypt:3)
  3 frilled lizards
  20 goblins
  30 kobolds
  4 rats
2779 creatures vanquished.

Vanquished Creatures (collateral kills)
  An endoplasm (D:4)
1 creature vanquished.

Vanquished Creatures (others)
  A deep elf annihilator (Elf:3)
  A deep elf death mage (Crypt:2)
  An occultist (Depths:3)
  A deep elf archer (Elf:3)
  2 deep elf pyromancers
  A deep elf zephyrmancer (Elf:2)
  A manticore (Shoals:4)
  A redback (Spider:3)
  An electric eel (D:13)
  An orc (D:8)
  3 ball lightnings (Elf:3)
  5 tentacles (Shoals:3)
19 creatures vanquished.

Grand Total: 2799 creatures vanquished

Notes
Turn   | Place    | Note
-------+----------+-------------------------------------------
     0 | D:1      | FakeRyeBread the Gargoyle Fighter began the quest for the
                  | Orb.
     0 | D:1      | Reached XP level 1. HP: 14/14 MP: 1/1
   110 | D:1      | Reached XP level 2. HP: 19/19 MP: 2/2
   433 | D:1      | Found a faded altar of an unknown god.
   493 | D:1      | Reached XP level 3. HP: 23/23 MP: 3/3
  1071 | D:2      | Reached XP level 4. HP: 29/29 MP: 4/4
  1168 | D:2      | Found a runed translucent door.
  1169 | D:2      | Noticed Crazy Yiuf
  1188 | D:2      | Noticed Natasha
  1200 | D:2      | Killed Natasha
  1258 | D:2      | Found Dosid's Vocational Training.
  1449 | D:2      | Noticed Robin
  1464 | D:2      | Killed Robin
  1465 | D:2      | Reached XP level 5. HP: 27/33 MP: 5/5
  1509 | D:2      | Noticed Natasha
  1516 | D:2      | Killed Natasha
  1524 | D:2      | Noticed Natasha
  1535 | D:2      | Killed Natasha
  2257 | D:2      | Killed Crazy Yiuf
  2444 | D:3      | Reached XP level 6. HP: 35/38 MP: 6/6
  2836 | D:3      | Found an ancient bone altar of Kikubaaqudgha.
  3193 | D:3      | Identified a scroll of acquirement
  3193 | D:3      | Acquired the ring "Laymaly" {rN+ Will+ Slay+4}
  3290 | D:4      | Noticed Eustachio
  3491 | D:4      | Killed Eustachio
  3492 | D:4      | Reached XP level 7. HP: 24/44 MP: 7/7
  3589 | D:4      | Reached skill level 5 in Maces & Flails
  3589 | D:4      | Reached skill level 5 in Armour
  3589 | D:4      | Reached skill level 5 in Shields
  3818 | D:4      | Reached skill level 5 in Fighting
  4070 | D:5      | Entered Level 5 of the Dungeon
  4173 | D:5      | Reached XP level 8. HP: 40/49 MP: 8/8
  4256 | D:5      | Noticed Blork the orc
  4265 | D:5      | Killed Blork the orc
  4602 | D:5      | Found a sacrificial altar of Ru.
  4739 | D:5      | Found a staircase to the Ecumenical Temple.
  4778 | Temple   | Entered the Ecumenical Temple
  4788 | Temple   | Became a worshipper of Warmaster Okawaru
  4874 | D:5      | Found Hsehak's Humungous Hoard.
  4883 | D:5      | Bought a potion of heal wounds for 65 gold pieces
  5170 | D:6      | You fall into a shaft and drop 1 floor!
  5182 | D:7      | Reached XP level 9. HP: 49/55 MP: 9/9
  5896 | D:6      | Noticed Pikel
  5906 | D:6      | Reached * piety under Okawaru
  5940 | D:6      | Killed Pikel
  5940 | D:6      | Reached ** piety under Okawaru
  6007 | D:6      | Found a shadowy altar of Dithmenos.
  6469 | D:7      | Noticed Menkaure
  6491 | D:7      | Killed Menkaure
  6492 | D:7      | Reached XP level 10. HP: 53/63 MP: 10/10
  6929 | D:8      | Reached skill level 1 in Invocations
  7373 | D:8      | Found a staircase to the Lair.
  7877 | D:9      | Identified the "Qiuzyum"
  7877 | D:9      | Noticed a two-headed ogre
  7892 | D:9      | Killed a two-headed ogre
  7950 | D:9      | Reached *** piety under Okawaru
  8284 | D:9      | Found a basalt altar of Yredelemnul.
  8347 | D:9      | Reached skill level 10 in Maces & Flails
  8369 | D:9      | Reached **** piety under Okawaru
  8521 | D:9      | Noticed Joseph
  8523 | D:9      | Noticed a two-headed ogre
  8538 | D:9      | Killed Joseph
  8549 | D:9      | Killed a two-headed ogre
  8550 | D:9      | Reached XP level 11. HP: 58/69 MP: 12/14
  8894 | D:9      | Reached ***** piety under Okawaru
  9084 | D:9      | Found a staircase to the Orcish Mines.
  9333 | D:9      | Noticed a manticore
  9345 | D:9      | Killed a manticore
  9455 | D:10     | Entered Level 10 of the Dungeon
  9455 | D:10     | Noticed Gastronok
  9481 | D:10     | Killed Gastronok
  9482 | D:10     | Reached skill level 5 in Invocations
 10280 | D:10     | Noticed Erolcha
 10302 | D:10     | Killed Erolcha
 10302 | D:10     | Received a gift from Okawaru
 10348 | D:10     | Noticed Maurice
 10521 | D:10     | Noticed a sixfirhy
 10587 | D:10     | Killed Maurice
 11051 | D:11     | Noticed a manticore
 11052 | D:11     | Noticed a manticore
 11066 | D:11     | Killed a manticore
 11084 | D:11     | Killed a manticore
 11085 | D:11     | Reached XP level 12. HP: 32/77 MP: 0/15
 11279 | D:11     | Reached skill level 1 in Throwing
 11328 | D:11     | Noticed a two-headed ogre
 11337 | D:11     | Killed a two-headed ogre
 11598 | D:11     | Reached skill level 10 in Fighting
 11606 | D:11     | Received a gift from Okawaru
 11640 | D:11     | Found a portal to a secret trove of treasure.
 11641 | D:11     | Noticed a boulder beetle
 11675 | D:11     | Killed a boulder beetle
 11676 | D:11     | Reached skill level 10 in Armour
 11772 | Trove    | Entered a treasure trove
 11774 | Trove    | Identified the +2 tower shield of Chimes {rC+}
 11778 | Trove    | Identified the amulet of the Enemy {Acrobat Regen+}
 11780 | Trove    | Identified the amulet of Zezxaul {Acrobat rN+ Regen+ Int-2}
 11782 | Trove    | Identified the +3 kite shield "Ricugos" {Int+3 Dex+4}
 11806 | Trove    | Identified the +0 hat of Zurifej {Str+6}
 11831 | Trove    | Identified the ring of Yendor {rCorr Int+6}
 11846 | Trove    | Identified the ring "Cullip" {rElec rC- rN+ Int+8}
 11869 | Trove    | Identified the ring of Pomey {Ice rPois Str+5 Stlth-}
 11882 | Trove    | Identified the ring of Xuasch {Wiz rC+ Int+2}
 11897 | Trove    | Identified the ring of Awkeem {*Corrode rF+++ AC+4 Dex+7}
 11910 | Trove    | Identified the ring of Zejohis {Drain rPois EV+5 Int+2}
 12009 | D:11     | Noticed a bunyip
 12040 | D:11     | Noticed an ettin
 12072 | D:11     | a slime creature changed into a shock serpent
 12072 | D:11     | Noticed a shock serpent (glowing shapeshifter)
 12076 | D:11     | Killed a shock serpent
 12077 | D:11     | Reached skill level 10 in Shields
 12693 | D:12     | Found a frozen archway.
 12757 | IceCv    | Entered an ice cave
 13693 | D:12     | Noticed a boulder beetle
 13791 | D:12     | Reached XP level 13. HP: 80/83 MP: 16/16
 13955 | D:12     | Found a broken altar of Ashenzari.
 14370 | D:2      | Bought a manual of Invocations for 800 gold pieces
 14662 | Lair:1   | Entered Level 1 of the Lair of Beasts
 15107 | Lair:1   | Identified the +2 ring mail of Skepticism {Drain rElec
                  | rC++}
 17198 | Lair:3   | Reached skill level 5 in Throwing
 17744 | Lair:3   | Gained mutation: Your large and strong wings let you fly.
                  | [Gargoyle growth]
 17744 | Lair:3   | Reached XP level 14. HP: 90/90 MP: 18/20
 18156 | Lair:3   | Found a staircase to the Shoals.
 18165 | Lair:3   | Received a gift from Okawaru
 18201 | Lair:3   | Found a hole to the Spider Nest.
 18345 | Lair:3   | Acquired the +6 demon whip of an ossuary {elec, Dex+4}
 18814 | Lair:4   | Received a gift from Okawaru
 18966 | Lair:4   | Found a runed translucent door.
 19428 | Lair:5   | Entered Level 5 of the Lair of Beasts
 19508 | Lair:5   | Found a staircase to the Slime Pits.
 19509 | Lair:5   | Found a viscous altar of Jiyva.
 19587 | Lair:5   | Reached skill level 15 in Maces & Flails
 19667 | Lair:5   | Received a gift from Okawaru
 19772 | Lair:4   | Reached skill level 10 in Invocations
 20011 | Lair:5   | Received a gift from Okawaru
 20012 | Lair:5   | Reached XP level 15. HP: 92/97 MP: 22/22
 21999 | D:14     | Noticed Josephine
 22126 | D:14     | Noticed Nessos
 22137 | D:14     | Killed Nessos
 22199 | D:14     | Reached ****** piety under Okawaru
 22199 | D:14     | Received a gift from Okawaru
 22241 | D:14     | Acquired the +10 morningstar "Eos" {elec, Halo rElec}
 22241 | D:14     | Received a gift from Okawaru
 22241 | D:14     | Found the +10 morningstar "Eos" {elec, Halo rElec}
 22244 | D:14     | Acquired the +5 plate armour "Baurchuo" {rF+ rC+}
 22244 | D:14     | Received a gift from Okawaru
 22373 | D:14     | Found a gate to the Vaults.
 22506 | D:14     | Noticed Azrael
 22529 | D:14     | Received a gift from Okawaru
 22669 | D:14     | Killed Josephine
 23021 | Orc:1    | Entered Level 1 of the Orcish Mines
 23450 | Orc:2    | Entered Level 2 of the Orcish Mines
 23476 | Orc:2    | Found Houder's Distillery.
 23486 | Orc:2    | Bought a potion of resistance for 140 gold pieces
 23486 | Orc:2    | Bought a potion of might for 56 gold pieces
 23486 | Orc:2    | Bought a potion of heal wounds for 70 gold pieces
 23740 | Orc:1    | Reached XP level 16. HP: 96/104 MP: 25/25
 23822 | Orc:1    | Received a gift from Okawaru
 23951 | Orc:2    | Found a staircase to the Elven Halls.
 24075 | Orc:2    | Found Cieruypn's General Store.
 24075 | Orc:2    | Found Tauffas's Weapon Shop.
 24075 | Orc:2    | Found Egahuomp's Magic Scroll Boutique.
 24078 | Orc:2    | Found Qinu's Armour Emporium.
 24082 | Orc:2    | Bought a +0 pair of boots for 81 gold pieces
 24089 | Orc:2    | Bought a potion of mutation for 112 gold pieces
 24092 | Orc:2    | Bought a scroll of brand weapon for 152 gold pieces
 24092 | Orc:2    | Bought a scroll of teleportation for 48 gold pieces
 24092 | Orc:2    | Bought a scroll of enchant weapon for 120 gold pieces
 24814 | Spider:1 | Entered Level 1 of the Spider Nest
 25230 | Spider:1 | Found a runed translucent gate.
 25231 | Spider:1 | Found a runed translucent gate.
 25232 | Spider:1 | Found a runed translucent gate.
 25234 | Spider:1 | Noticed snackwell's ghost (adept TrMo)
 25255 | Spider:1 | Noticed Roxanne
 25290 | Spider:1 | Killed Roxanne
 25802 | Spider:2 | Received a gift from Okawaru
 26162 | Spider:2 | Identified the +0 cloak "Luskal" {Harm rPois Will+ Stlth+}
 26252 | Spider:2 | Received a gift from Okawaru
 26566 | Spider:3 | Noticed Asterion
 26798 | Spider:3 | Noticed an Executioner
 26801 | Spider:3 | Killed Asterion
 26845 | Spider:3 | Identified the +9 battleaxe of Integrity {freeze, rF+ Str+3
                  | Int-5 SInv}
 26868 | Spider:3 | Reached XP level 17. HP: 112/112 MP: 27/27
 27340 | Spider:4 | Entered Level 4 of the Spider Nest
 27739 | Spider:4 | Received a gift from Okawaru
 28362 | Spider:4 | Reached skill level 10 in Throwing
 28403 | Spider:4 | Received a gift from Okawaru
 28575 | Spider:4 | Reached skill level 15 in Fighting
 28575 | Spider:4 | Reached skill level 15 in Invocations
 28623 | Spider:4 | Reached skill level 15 in Shields
 28753 | Spider:4 | Got a gossamer rune of Zot
 28864 | Spider:4 | Reached skill level 15 in Armour
 29258 | D:15     | Entered Level 15 of the Dungeon
 29738 | D:15     | Received a gift from Okawaru
 29842 | D:15     | Found a staircase to the Depths.
 30005 | Shoals:1 | Identified the "Plog"
 30005 | Vaults:1 | Entered Level 1 of the Vaults
 30157 | Vaults:1 | Reached XP level 18. HP: 118/120 MP: 29/29
 30265 | Vaults:1 | Identified the +1 pair of boots of Fortitude {Will+ Dex+3}
 30532 | Vaults:1 | Received a gift from Okawaru
 31551 | Desolati | Identified the "Ilujin"
 31551 | Desolati | Identified the "Ozonuq"
 31696 | Vaults:2 | Found a crumbling gateway.
 31737 | Vaults:2 | Found a glowing silver altar of Zin.
 31737 | Vaults:2 | Found a white marble altar of Elyvilon.
 31737 | Vaults:2 | Found a glowing golden altar of the Shining One.
 31746 | Desolati | Entered the Desolation of Salt
 31773 | Desolati | Received a gift from Okawaru
 31799 | Desolati | Identified the ring of the Red Skies {rN+ rCorr EV+5 Str+2
                  | Dex+2}
 31860 | Desolati | Identified the ring "Jutezo" {Wiz Dex+4}
 31863 | Desolati | Identified the ring "Zavu" {*Corrode Fly rPois rF+ Int+4}
 32140 | Desolati | Found the +3 hat of Pondering {ponderous, Will+ MP+10
                  | Int+5}
 32161 | Desolati | Reached XP level 19. HP: 121/127 MP: 30/30
 32175 | Desolati | Identified the amulet of Bunuxuq {Reflect Regen+ SH+5}
 32237 | Desolati | Received a gift from Okawaru
 32591 | Desolati | Identified the +3 plate armour of the Echidna {rCorr}
 32601 | Desolati | Received a gift from Okawaru
 33233 | Vaults:2 | Found Jarus's Armour Boutique.
 33350 | Vaults:2 | Noticed Margery
 33420 | Vaults:2 | Killed Margery
 33420 | Vaults:2 | Received a gift from Okawaru
 33914 | Vaults:2 | You are sucked into a shaft and drop 2 floors!
 33914 | Vaults:4 | Identified the "Moeg"
 34095 | Vaults:3 | Received a gift from Okawaru
 34288 | Vaults:3 | Found a flickering gateway to a bazaar.
 34293 | Bazaar   | Entered a bazaar
 34316 | Bazaar   | Found Catos's Magic Scroll Boutique.
 34323 | Bazaar   | Bought a scroll of acquirement for 416 gold pieces
 34324 | Bazaar   | Acquired 920 gold pieces
 34331 | Bazaar   | Found Wybogeu's General Store.
 34339 | Bazaar   | Bought a scroll of enchant armour for 75 gold pieces
 34360 | Bazaar   | Found Heibed's Magic Scroll Emporium.
 34368 | Bazaar   | Bought a scroll of enchant weapon for 75 gold pieces
 34368 | Bazaar   | Bought a scroll of teleportation for 30 gold pieces
 34380 | Bazaar   | Found Jitaock's Distillery.
 34387 | Bazaar   | Bought a potion of heal wounds for 55 gold pieces
 34387 | Bazaar   | Bought a potion of enlightenment for 55 gold pieces
 34387 | Bazaar   | Bought 2 potions of enlightenment for 110 gold pieces
 34390 | Bazaar   | Found Juazic's Antique Weapon Shop.
 34466 | Vaults:3 | Reached XP level 20. HP: 81/136 MP: 31/31
 35113 | Vaults:3 | Received a gift from Okawaru
 35140 | Vaults:3 | Found a staircase to the Crypt.
 36040 | Shoals:1 | Entered Level 1 of the Shoals
 36084 | Shoals:1 | Received a gift from Okawaru
 36301 | Shoals:1 | Found a runed translucent gate.
 36301 | Shoals:1 | Found a runed translucent gate.
 36301 | Shoals:1 | Found a runed translucent gate.
 36854 | Shoals:1 | Noticed Whiskey's ghost (journeyman OpSh)
 36855 | Shoals:1 | Noticed javelincjr's ghost (journeyman DgSh)
 36874 | Shoals:1 | Killed Whiskey's ghost
 36881 | Shoals:1 | Killed javelincjr's ghost
 36901 | Shoals:1 | Reached XP level 21. HP: 142/142 MP: 30/32
 37137 | Shoals:2 | Noticed Mlioglotl
 37143 | Shoals:2 | Killed Mlioglotl
 37143 | Shoals:2 | Received a gift from Okawaru
 37420 | Shoals:2 | Noticed Nikola
 37441 | Shoals:2 | Killed Nikola
 38057 | Shoals:3 | Identified the +4 longbow of Disembowelment {drain, rPois
                  | Will- Str+2}
 38325 | Shoals:3 | Reached XP level 22. HP: 149/149 MP: 33/33
 38463 | Shoals:3 | Received a gift from Okawaru
 38764 | Shoals:4 | Entered Level 4 of the Shoals
 38791 | Shoals:4 | Identified the amulet "Esmyem" {Faith Str+4}
 39055 | Shoals:4 | Got a barnacled rune of Zot
 39071 | Shoals:4 | Noticed Kirke
 39080 | Shoals:4 | Killed Kirke
 39349 | Shoals:4 | Received a gift from Okawaru
 39882 | Shoals:4 | Found the +0 pair of fencer's gloves {Riposte Dex+3}
 40278 | Depths:2 | Identified the "Sozicung"
 40278 | Depths:2 | Identified the "Gafuidwu"
 40278 | Elf:1    | Entered Level 1 of the Elven Halls
 40431 | Elf:1    | Paralysed by an air elemental for 1 turns
 40522 | Elf:1    | Found Optog's Weapon Shop.
 40530 | Elf:1    | Received a gift from Okawaru
 40885 | Elf:1    | Found Tivvi's Armour Shoppe.
 41471 | Elf:2    | Found Dotaempo's Magic Scroll Shop.
 41490 | Elf:2    | Bought a scroll of enchant weapon for 82 gold pieces
 41490 | Elf:2    | Bought a scroll of teleportation for 33 gold pieces
 41490 | Elf:2    | Bought a scroll of revelation for 82 gold pieces
 41520 | Elf:2    | Paralysed by an air elemental for 1 turns
 41570 | Elf:2    | Received a gift from Okawaru
 41616 | Elf:2    | Found a runed translucent gate.
 41616 | Elf:2    | Found a runed translucent gate.
 41616 | Elf:2    | Found a runed translucent gate.
 41881 | Elf:2    | Reached skill level 15 in Throwing
 41901 | Elf:2    | Identified the blade talisman of the Smoking Gods {Str+4}
 42094 | Elf:3    | Identified the "Puophece"
 42094 | Elf:3    | Identified the of Diqamm
 42094 | Elf:3    | Entered Level 3 of the Elven Halls
 42227 | Elf:3    | Reached XP level 23. HP: 156/156 MP: 34/34
 42232 | Elf:3    | Received a gift from Okawaru
 42349 | Elf:3    | Identified the +5 broad axe of the Sky {freeze, rPois rF+
                  | rC+}
 42349 | Elf:3    | Identified the +1 leather armour "Huarr" {rElec rF- Dex+3
                  | Slay+3}
 42455 | Elf:3    | Identified the serpent talisman of Omission {Stlth+}
 42458 | Elf:3    | Identified the +6 chain mail "Xoleimo" {Slay+3}
 42464 | Elf:3    | Identified the +0 falchion "Budyalag" {heavy, *Rage Str+6
                  | Stlth+}
 42493 | Elf:3    | Identified the ring of the Transmuting Gods {Will+ MP+9}
 42522 | Elf:3    | Identified the +0 halberd of Keugejat {freeze, rC+ rN+}
 42585 | Elf:3    | Noticed Lobster4's ghost (adept DjHW)
 42645 | Elf:3    | Found Jywnek Ezao's Antique Weapon Shoppe.
 42663 | Elf:3    | Identified the serpent talisman of the Locust {rElec rPois
                  | MP+9 Dex+2}
 42663 | Elf:3    | Noticed Aizul
 42674 | Elf:3    | Killed Aizul
 42761 | Elf:3    | Noticed Louise
 42773 | Elf:3    | Killed Louise
 42985 | Elf:3    | Found a transporter.
 43051 | Elf:3    | Found a transporter.
 43170 | Elf:3    | Received a gift from Okawaru
 43304 | Elf:3    | Identified the +4 chain mail of Cleverly Designed Fun {rF++
                  | rC+ MP-9}
 43312 | Elf:3    | Identified the ring "Yfeus" {+Blink rCorr MP+9 Int-5 SInv}
 43429 | Elf:3    | Killed Lobster4's ghost
 43904 | Zot:2    | Identified the "Igreuj"
 43904 | Slime:1  | Entered Level 1 of the Pits of Slime
 44565 | Slime:2  | Received a gift from Okawaru
 44625 | Slime:1  | Gained mutation: Your body sometimes deteriorates upon
                  | taking damage. [a shining eye]
 44630 | Slime:2  | Gained mutation: You are dopey. (Int -2) [a shining eye]
 44631 | Slime:2  | Gained mutation: Your spells are a little harder to cast,
                  | but a little more powerful. [a shining eye]
 44662 | Slime:1  | Gained mutation: You are clumsy. (Dex -2) [a shining eye]
 44666 | Slime:1  | Gained mutation: You are weak. (Str -2) [a shining eye]
 44668 | Slime:1  | Gained mutation: Armour fits poorly on your strangely
                  | shaped body. [a shining eye]
 44732 | Slime:1  | Lost mutation: You are weak. (Str -2) [potion of mutation]
 44732 | Slime:1  | Lost mutation: You are clumsy. (Dex -2) [potion of
                  | mutation]
 44732 | Slime:1  | Gained mutation: Potions are less effective at restoring
                  | your health. [potion of mutation]
 44732 | Slime:1  | Gained mutation: You possess an exceptional clarity of
                  | mind. [potion of mutation]
 44733 | Slime:1  | Lost mutation: Potions are less effective at restoring your
                  | health. [potion of mutation]
 44733 | Slime:1  | Lost mutation: You are dopey. (Int -2) [potion of mutation]
 44733 | Slime:1  | Lost mutation: Your body sometimes deteriorates upon taking
                  | damage. [potion of mutation]
 44733 | Slime:1  | Gained mutation: You are robust. (+10% HP) [potion of
                  | mutation]
 44733 | Slime:1  | Gained mutation: You expend magic power (3 MP) to
                  | strengthen your wands. [potion of mutation]
 44733 | Slime:1  | Gained mutation: You occasionally lose the ability to drink
                  | potions when taking damage. [potion of mutation]
 44733 | Slime:1  | Gained mutation: Your muscles are strong. (Str +4, Int/Dex
                  | -1) [potion of mutation]
 44734 | Slime:1  | Lost mutation: Your spells are a little harder to cast, but
                  | a little more powerful. [potion of mutation]
 44734 | Slime:1  | Lost mutation: You possess an exceptional clarity of mind.
                  | [potion of mutation]
 44734 | Slime:1  | Lost mutation: You occasionally lose the ability to drink
                  | potions when taking damage. [potion of mutation]
 44734 | Slime:1  | Gained mutation: Your flesh is cold resistant. (rC+)
                  | [potion of mutation]
 44735 | Slime:1  | Lost mutation: You expend magic power (3 MP) to strengthen
                  | your wands. [potion of mutation]
 44735 | Slime:1  | Lost mutation: Your flesh is cold resistant. (rC+) [potion
                  | of mutation]
 44735 | Slime:1  | Gained mutation: You are somewhat resistant to further
                  | mutation. [potion of mutation]
 44736 | Slime:1  | Lost mutation: You are somewhat resistant to further
                  | mutation. [potion of mutation]
 44736 | Slime:1  | Lost mutation: Your muscles are strong. (Str +4, Int/Dex
                  | -1) [potion of mutation]
 44736 | Slime:1  | Gained mutation: You expend magic power (3 MP) to
                  | strengthen your wands. [potion of mutation]
 44736 | Slime:1  | Gained mutation: You are strong-willed. (Will+) [potion of
                  | mutation]
 44737 | Slime:1  | Lost mutation: You expend magic power (3 MP) to strengthen
                  | your wands. [potion of mutation]
 44737 | Slime:1  | Lost mutation: You are strong-willed. (Will+) [potion of
                  | mutation]
 44737 | Slime:1  | Gained mutation: Your flesh is cold resistant. (rC+)
                  | [potion of mutation]
 44737 | Slime:1  | Gained mutation: Your mind is acute. (Int +4, Str/Dex -1)
                  | [potion of mutation]
 44738 | Slime:1  | Lost mutation: Your mind is acute. (Int +4, Str/Dex -1)
                  | [potion of mutation]
 44738 | Slime:1  | Lost mutation: Armour fits poorly on your strangely shaped
                  | body. [potion of mutation]
 44738 | Slime:1  | Gained mutation: You are partially covered in iridescent
                  | scales. (AC +2) [potion of mutation]
 45416 | Slime:3  | Received a gift from Okawaru
 45988 | Slime:5  | Entered Level 5 of the Pits of Slime
 46129 | Slime:5  | Reached XP level 24. HP: 182/182 MP: 34/34
 46246 | Slime:5  | Received a gift from Okawaru
 46338 | Slime:5  | Gained mutation: You have a pair of small horns on your
                  | head. [a shining eye]
 46357 | Slime:5  | Gained mutation: You are weak. (Str -2) [a shining eye]
 46442 | Slime:5  | Noticed the Royal Jelly
 46459 | Slime:5  | Killed the Royal Jelly
 46539 | Slime:5  | Identified the +11 great sword of Quemaqacw {antimagic,
                  | rPois}
 46576 | Slime:5  | Got a slimy rune of Zot
 46580 | Slime:5  | Identified the +1 sling of Raeffeod {freeze, Dex+2}
 46586 | Slime:5  | Identified the +5 ring mail of Ufodezer {Regen+ Str-5 Int+4
                  | Stlth+}
 46601 | Slime:5  | Identified the amulet of Panentheism {Acrobat +Inv Str+3}
 46613 | Slime:5  | Identified the +5 war axe "Qasiuf" {drain, rElec rCorr
                  | Str+3 Int+2}
 46621 | Slime:5  | Identified the staff "Sejoyboe" {Int+3 Conj}
 46623 | Slime:5  | Identified the +3 sling "Goblin's Death Toll" {drain,
                  | rPois}
 46884 | Slime:5  | Lost mutation: You have a pair of small horns on your head.
                  | [potion of mutation]
 46884 | Slime:5  | Lost mutation: You are robust. (+10% HP) [potion of
                  | mutation]
 46884 | Slime:5  | Gained mutation: You expend magic power (3 MP) to
                  | strengthen your wands. [potion of mutation]
 46884 | Slime:5  | Gained mutation: Your spells are a little harder to cast,
                  | but a little more powerful. [potion of mutation]
 46897 | Slime:4  | Gained mutation: You are clumsy. (Dex -2) [a shining eye]
 47600 | Vaults:4 | Found Dimaor's Weapon Emporium.
 47643 | Vaults:4 | Noticed Konionua's ghost (adept KoEn)
 47644 | Vaults:4 | Found a transporter.
 47648 | Vaults:4 | Noticed an ancient lich
 47693 | Vaults:4 | Found a transporter.
 47812 | Vaults:4 | Received a gift from Okawaru
 48535 | Vaults:4 | Received a gift from Okawaru
 48756 | Vaults:5 | Entered Level 5 of the Vaults
 48880 | Vaults:5 | Noticed Sojobo
 48898 | Vaults:5 | Received a gift from Okawaru
 48932 | Vaults:5 | Reached XP level 25. HP: 114/175 MP: 33/34
 48936 | Vaults:5 | Killed Sojobo
 48966 | Vaults:5 | Identified the +3 sling "Ochazuur" {elec, rPois rN+ Dex+3}
 49107 | Vaults:4 | Received a gift from Okawaru
 49466 | Vaults:5 | Noticed an ancient lich
 49475 | Vaults:5 | Killed an ancient lich
 49587 | Vaults:4 | Received a gift from Okawaru
 50009 | Vaults:5 | Got a silver rune of Zot
 50033 | Vaults:5 | Noticed a dread lich
 50038 | Vaults:5 | Killed a dread lich
 50097 | Vaults:5 | Identified the +2 leather armour "Vusk" {Harm *Corrode
                  | Str+2 Int+3}
 50490 | Vaults:5 | Identified the +6 giant spiked club "Ytam" {holy, Fragile
                  | rPois Str+2 Dex+5}
 50652 | Vaults:5 | Noticed an ancient lich
 50659 | Vaults:5 | Killed an ancient lich
 50702 | Vaults:5 | Identified the +5 arbalest of Jihek {heavy, rElec Stlth+}
 50761 | Vaults:5 | Received a gift from Okawaru
 51038 | Crypt:1  | Entered Level 1 of the Crypt
 51875 | Crypt:2  | Found an ancient bone altar of Kikubaaqudgha.
 52234 | Crypt:2  | Reached XP level 26. HP: 184/184 MP: 34/34
 52320 | Crypt:2  | Received a gift from Okawaru
 52331 | Crypt:2  | Reached skill level 5 in Dodging
 52482 | Crypt:2  | Found a basalt altar of Yredelemnul.
 52610 | Crypt:2  | Found a basalt altar of Yredelemnul.
 52749 | Crypt:3  | Entered Level 3 of the Crypt
 52869 | Crypt:3  | Found a staircase to the Tomb.
 52991 | Crypt:3  | Noticed Frederick
 52998 | Crypt:3  | Killed Frederick
 53101 | Crypt:3  | Received a gift from Okawaru
 53173 | Crypt:3  | Found a basalt altar of Yredelemnul.
 53435 | Crypt:3  | Noticed Xtahua
 53442 | Crypt:3  | Killed Xtahua
 53447 | Crypt:3  | Noticed an ancient lich
 53460 | Crypt:3  | Killed an ancient lich
 53493 | Crypt:3  | Identified the amulet "Qathrosh" {Reflect Harm rElec Regen+
                  | Int-4 SH+5}
 53592 | Crypt:3  | Received a gift from Okawaru
 53867 | Crypt:3  | Noticed Khufu
 53872 | Crypt:3  | Noticed a royal mummy
 53876 | Crypt:3  | Killed a royal mummy
 53879 | Crypt:3  | Killed Khufu
 54403 | Depths:1 | Entered Level 1 of the Depths
 54425 | Depths:1 | Found a gateway to Hell.
 54463 | Depths:1 | Found Pazuifoch's Self-Improvement Boutique.
 54463 | Depths:1 | Found a magical portal.
 54471 | Depths:1 | Bought a manual of Axes for 1440 gold pieces
 54487 | WizLab   | Entered Maxwell's Workshop
 54638 | WizLab   | Received a gift from Okawaru
 54686 | WizLab   | Identified the ring "Soang" {Fire rElec Will+}
 54729 | WizLab   | Identified the ring "Puiqeimn" {Fire Will++ rCorr Str+2
                  | Stlth-}
 54731 | WizLab   | Identified the ring of Deygha {Fire Will- Slay+4}
 54740 | WizLab   | Identified the +11 plate armour "Efelyl" {rF+}
 54760 | WizLab   | Identified the +2 sling of Change {flame, Fly MP+9}
 54873 | WizLab   | Found the +15 Maxwell's patent armour {-Cast -Tele rElec
                  | Will+ rCorr}
 54891 | WizLab   | Identified the ring "Kaleskig" {Ice Fly rPois}
 54893 | WizLab   | Identified the ring "Erorhy" {Ice Slay+3}
 55223 | Depths:1 | Found a one-way gate to the infinite horrors of the Abyss.
 55365 | Depths:1 | Reached XP level 27. HP: 192/192 MP: 34/34
 55365 | Depths:1 | Found Gune's Fire Supplies.
 55382 | Depths:1 | Bought a scroll of immolation for 60 gold pieces
 55689 | Depths:1 | You are sucked into a shaft and drop 1 floor!
 55769 | Depths:2 | Received a gift from Okawaru
 55779 | Depths:2 | Noticed Norris
 55790 | Depths:2 | Killed Norris
 55796 | Depths:2 | Reached skill level 10 in Dodging
 55934 | Depths:2 | Received a gift from Okawaru
 55959 | Depths:2 | Found a one-way gate leading to the halls of Pandemonium.
 55961 | Depths:2 | Found a one-way gateway to a ziggurat.
 57142 | Depths:3 | Received a gift from Okawaru
 57177 | Depths:3 | Found Pioreset's Assorted Antiques.
 57177 | Depths:3 | Found Xudiaqem's Antique Armour Shop.
 57179 | Depths:3 | Found Rukucael's Magic Scroll Shop.
 57182 | Depths:3 | Found Ituaniqe's Antique Armour Shop.
 57195 | Depths:3 | Bought 3 scrolls of immolation for 216 gold pieces
 57195 | Depths:3 | Bought a scroll of blinking for 135 gold pieces
 57195 | Depths:3 | Bought a scroll of fog for 72 gold pieces
 57461 | Depths:3 | Found a stormy altar of Qazlal.
 57603 | Depths:3 | Noticed a dread lich
 57605 | Depths:3 | Identified the +2 great sword "Riocras" {elec, Fly}
 57736 | Depths:3 | Killed a dread lich
 57995 | Depths:3 | Identified the +0 tower shield "Fulin" {rElec Str+4 Dex-5
                  | SInv}
 58185 | Depths:4 | Entered Level 4 of the Depths
 58404 | Depths:4 | Noticed a juggernaut
 58413 | Depths:4 | Killed a juggernaut
 58668 | Depths:4 | Received a gift from Okawaru
 58783 | Depths:4 | Found an iron altar of Okawaru.
 59229 | Depths:4 | Received a gift from Okawaru
 59485 | Depths:4 | Found a gate to the Realm of Zot.
 59500 | Depths:4 | Identified the +4 shortbow of Beapt {heavy, rPois rF- rN+++
                  | Str-3}
 60466 | Vaults:4 | Received a gift from Okawaru
 60469 | Vaults:4 | Killed Konionua's ghost
 60477 | Vaults:4 | Killed an ancient lich
 60522 | Vaults:4 | Acquired 864 gold pieces
 60818 | Zot:1    | Entered Level 1 of the Realm of Zot
 60822 | Zot:1    | Identified the +4 shortbow of a bailey {speed, rElec Str+3}
 61424 | Arena    | Entered the Arena
 61940 | Zot:2    | Noticed an orb of fire
 61941 | Arena    | Entered the Arena
 61952 | Arena    | Killed an orb of fire
 61952 | Arena    | Received a gift from Okawaru
 62014 | Zot:2    | Found a transporter.
 62017 | Zot:2    | Found a transporter.
 62025 | Zot:2    | Noticed Foeck's ghost (veteran TrCK)
 62374 | Zot:2    | Received a gift from Okawaru
 62436 | Zot:2    | Killed Foeck's ghost
 62446 | Zot:2    | Identified the +0 cloak "Dilo" {Harm rF+ rC+ Int+2}
 62462 | Zot:2    | Identified the ring "Mopsonid" {Fly rCorr SInv}
 62635 | Zot:2    | Identified the +1 ring mail "Raopn" {Harm Str+3 Int+2}
 62660 | Zot:2    | Identified the +7 bardiche of the Revolution {spect, Str+3}
 63090 | Zot:3    | Received a gift from Okawaru
 63118 | Zot:3    | Noticed Vv
 63140 | Zot:3    | Killed Vv
 63984 | Zot:4    | Received a gift from Okawaru
 64857 | Zot:5    | Entered Level 5 of the Realm of Zot
 65184 | Zot:5    | Reached skill level 27 in Fighting
 65224 | Zot:5    | Received a gift from Okawaru
 65358 | Zot:5    | Reached skill level 27 in Armour
 65358 | Zot:5    | Reached skill level 27 in Shields
 65360 | Zot:5    | Noticed an orb of fire
 65383 | Zot:5    | Killed an orb of fire
 65400 | Zot:5    | Noticed an orb of fire
 65401 | Zot:5    | Gained mutation: Armour fits poorly on your strangely
                  | shaped body. [an orb of fire]
 65407 | Arena    | Entered the Arena
 65419 | Arena    | Killed an orb of fire
 65434 | Zot:5    | Received a gift from Okawaru
 65537 | Zot:5    | Noticed an orb of fire
 65542 | Zot:5    | Noticed an orb of fire
 65543 | Zot:5    | Noticed an orb of fire
 65551 | Zot:5    | Killed an orb of fire
 65551 | Zot:5    | Killed an orb of fire
 65553 | Zot:5    | Lost mutation: Your spells are a little harder to cast, but
                  | a little more powerful. [an orb of fire]
 65555 | Zot:5    | Killed an orb of fire
 65562 | Zot:5    | Noticed a dread lich
 65564 | Zot:5    | Noticed a dread lich
 65571 | Zot:5    | Killed a dread lich
 65611 | Zot:5    | Killed a dread lich
 65615 | Zot:5    | Received a gift from Okawaru
 65628 | Zot:5    | Reached skill level 15 in Dodging
 65899 | Zot:5    | Got the Orb of Zot
 65908 | Zot:5    | Noticed Kisiofa the pandemonium lord
 65908 | Zot:5    | Noticed an ancient lich
 66265 | D:13     | Killed Azrael
 66371 | D:9      | Noticed Butuleas the pandemonium lord
 66645 | D:$      | Escaped with the Orb!

Illustrated notes

Levels and vault maps discovered:
D:1:      wheals_arrival_shading, layout_rooms, basic_ecumenical_altar,
          corner_web_ring
D:2:      layout_basic, kennysheep_cross_room, nicolae_shop_vocational,
          uniq_crazy_yiuf_cottage, uniq_robin, uniq_natasha
D:3:      layout_basic, nicolae_kikubaaqudgha_miasma_corner
D:4:      minmay_diamond_boxcup, layout_cave_pools, uniq_eustachio
D:5:      layout_basic, nicolae_ru_awakened_eye, temple_pool_b,
          nicolae_alphabet_shops, uniq_blork_the_orc
D:6:      layout_cave_pods, lemuel_tele_altar, billiards_dpeg, uniq_pikel
D:7:      layout_loops_ring, uniq_menkaure
D:8:      layout_loops_ring, lair_entry_dummy
D:9:      minmay_octagon_keep, layout_stronghold,
          mainiacjoe_overflow_tiny_flanked, hiddenorc2_lemuel,
          hangedman_abyss_or_decor_lesser_grid, kennysheep_just_a_vault,
          uniq_joseph
D:10:     layout_cave_pods, uniq_erolcha, uniq_maurice, uniq_gastronok
D:11:     layout_roguey, enter_trove_0, kennysheep_island_fort
D:12:     layout_rooms, portal_ice_cave_entry_ice_simulacra,
          cheibrodos_ashenzari_chains
D:13:     layout_basic, serial_bayou_lake_a
D:14:     layout_roguey, grunt_vaults_entry_tiered,
          chequers_serial_rivers_micro_d, bh_walls_and_bars, uniq_josephine,
          uniq_nessos, uniq_azrael
D:15:     hangedman_depths_entry_civil_slaughter, layout_basic
Temple:   mainiacjoe_temple_bowtie_tessellation
Lair:1:   layout_cave_shapes, beast_lair_carwin_9
Lair:2:   nzn_winding_woodlands_small [nzn_winding_woodlands_5x15_garden,
          nzn_winding_woodlands_center_triple_pond,
          nzn_winding_woodlands_5x15_longhouse], layout_cave_pods,
          nicolae_lair_lindhole
Lair:3:   layout_regular_city, minmay_shoals_entry_hut,
          spider_nest_entry_funnel_web
Lair:4:   layout_roguey, minmay_holes, pf_torpor_hydra, grunt_megastairs_5
Lair:5:   minmay_lair_end_enchanted_forest, layout_cave_pods, slime_entry_1,
          grunt_megastairs_3
Shoals:1: layout_shoals, gammafunk_ghost_cemetery, nicolae_shoals_gull_way
Shoals:2: layout_shoals, uniq_mlioglotl, uniq_nikola
Shoals:3: cheibrodos_shoals_baths, layout_shoals,
          nicolae_shoals_stone_sculpture_thing
Shoals:4: shoals_end_grunt_ice, layout_shoals, uniq_kirke
Spider:1: layout_spider_delve, gammafunk_ghost_necromancy,
          hangedman_spider_trapstep, uniq_roxanne
Spider:2: nicolae_spider_obnoxious_hallway, nicolae_spider_some_kinda_spiderbox
Spider:3: layout_spider_delve, uniq_asterion
Spider:4: spider_rune_water, drop_trap, hangedman_spider_tarantella_strand
Slime:1:  layout_caves, special_room [special_room_jelly]
Slime:2:  layout_caves
Slime:3:  layout_caves
Slime:4:  layout_caves
Slime:5:  slime_pit_nicolae_royal_road_to_ruin
Orc:1:    layout_diamond_mine
Orc:2:    st_orc_rangers, layout_caves, serial_shops,
          nicolae_shop_industrial_runoff
Elf:1:    eino_elf_arrival_shootout, layout_loops_ring, serial_shops,
          nicolae_shop_tiny_waterfront, nicolae_shop_scrapyard,
          minmay_elf_crystal_heptagon
Elf:2:    elven_hall_of_blades_hangedman_original [nicolae_blade_bullseye],
          layout_geoelf_grid, serial_shops, shop
Elf:3:    elf_hall, layout_onion_city, gammafunk_ghost_arena, serial_shops,
          shop, pf_eden, uniq_louise, uniq_aizul
Vaults:1: grunt_vaults_focal, vaults_mumra_hexcomb,
          nicolae_vaults_surprise_closet, vaults_dpeg_ring, st_squares,
          v_misc_8, nicolae_vaults_sightless_eye, ontoclasm_vaults_fault,
          nicolae_vaults_windows_and_doors_thing,
          nicolae_vaults_little_squares_5, vaults_room_pool,
          grunt_vaults_hallway_short, layout_vaults_big_room
Vaults:2: portal_desolation_entry_holy_temple, nicolae_vaults_frosty_reception,
          nicolae_vaults_theta, vaults_mumra_hex, v_pattern_1,
          vaults_mumra_chevron, nicolae_vaults_shelves_hall,
          nicolae_vaults_asterisk, nicolae_vaults_sesquioval_fish,
          layout_vaults_omnigrid, serial_shops, nicolae_shop_peninsula,
          uniq_margery
Vaults:3: nicolae_vaults_mini_display_case, hangedman_vaults_nodes,
          nicolae_vaults_surprise_closet_hard,
          minmay_crypt_entry_simple_statues, vaults_room_semicircle,
          hangedman_vaults_corner, nicolae_vaults_trapezoid_1,
          nicolae_vaults_network_barrier, vaults_room_stairs_pillars,
          nicolae_vaults_tetromino_T_1, nicolae_vaults_border_crossing,
          layout_vaults_omnicross, serial_shops, bzr_firewalk
Vaults:4: gammafunk_ghost_mausoleum, nicolae_vaults_prndl,
          hangedman_vaults_capsules, nicolae_vaults_diagonal_hallway_7,
          nicolae_vaults_storage_closets_1, nicolae_vaults_trapezoid_2,
          serial_ice_b, v_misc_19, v_misc_8, hangedman_vaults_restitches,
          v_pattern_4, vaults_mumra_minichess, vaults_dpeg_hooks,
          layout_vaults_omnibox, serial_shops, shop
Vaults:5: uniq_sojobo
Crypt:1:  layout_misc_corridors, minivault_5
Crypt:2:  layout_misc_corridors, basic_altar, hangedman_feature_mirror,
          nicolae_crypt_cryptocurrency, grunt_ministairs_8
Crypt:3:  church_of_pain_bobbens, layout_chaotic_city,
          tomb_entry_simple_bobbens, uniq_xtahua, uniq_khufu, uniq_frederick
Depths:1: layout_gridville, minmay_room_of_horrors, nemelex_spade_bored_becter,
          infiniplex_enter_wizlab_water, hell_entry, minmay_misc_feat_plants,
          st_stairs_2, minivault_16, nicolae_shop_fire_sale
          [nicolae_sub_dead_trees], chequers_serial_rivers_marsh,
          serial_sigils_hangedman_shear, nicolae_shop_self_help
Depths:2: hangedman_pleasuredromes, pan_entry, hell_entry, uniq_norris
Depths:3: cheibrodos_cascadia, layout_cave_shapes, abyss_entry,
          grunt_hell_entry_dis_old, minmay_misc_feat_tower,
          hangedman_decor_points, grunt_ministairs_15, minmay_shop_grid_forest,
          st_stairs_13, nicolae_qazlal_general_emergency,
          infiniplex_staircase_pillars_2
Depths:4: lemuel_castle_with_subvaults [lemuel_castle_interior_carwin_3],
          layout_gridlike, okawaru_ov_weapons_minmay, hellmouth_3
Zot:1:    layout_gridlike
Zot:2:    layout_onion_interference, gammafunk_ghost_berserking_beasts,
          regret_index_zotdec_slimy_original
Zot:3:    layout_cellular_growth, uniq_vv
Zot:4:    nicolae_moth_party, layout_basic, regret_index_zotdec_obsidian_hm,
          st_stairs_7
Zot:5:    layout_twisted_circle, regret_index_zotdec_onion_hex

Skill      XL: |  1  2  3  4  5  6  7  8  9 10 11 12 13 14 15 16 17 18 19 20 21 22 23 24 25 26 27 |
---------------+----------------------------------------------------------------------------------+-----
Maces & Flails | 3 4 5 7 8 10 11 13 14 15 16 | 16.1
Armour         | 4 5 6 7 8 9 10 11 12 13 14 15 16 17 18 20 21 22 23 24 27 | 27.0
Fighting       | 4 5 6 7 8 9 10 11 12 13 14 15 16 17 18 19 20 21 22 24 27 | 27.0
Shields        | 4 5 6 7 8 9 10 11 12 13 14 15 16 17 18 20 21 22 23 24 27 | 27.0
Invocations    | 4 5 8 10 12 14 15 | 15.0
Throwing       | 3 5 6 8 9 10 11 12 13 15 19 | 19.9
Dodging        | 2 4 9 15 | 15.4

Action                     |  1- 3 |  4- 6 |  7- 9 | 10-12 | 13-15 | 16-18 | 19-21 | 22-24 | 25-27 || total
---------------------------+-------+-------+-------+-------+-------+-------+-------+-------+-------++-------
  Melee: Flail             |   154 |   227 |   326 |       |       |       |       |       |       ||   707
         Whip              |       |       |    42 |   901 |       |       |       |       |       ||   943
         Morningstar       |       |       |       |   180 |   782 |  1162 |   836 |   938 |  1742 ||  5640
         Demon whip        |       |       |       |       |   563 |       |       |       |       ||   563
         Headbutt          |       |       |       |       |       |       |       |    15 |       ||    15
  Throw: Boomerang         |       |       |       |    16 |     3 |       |       |       |       ||    19
         Javelin           |       |       |       |       |    13 |    29 |    19 |   224 |   744 ||  1029
 Invoke: Heroism           |       |       |       |       |     3 |     4 |     4 |     7 |    15 ||    33
         Finesse           |       |       |       |       |     1 |     4 |     3 |     2 |     8 ||    18
         Receive Weapon    |       |       |       |       |     1 |       |       |       |       ||     1
         Receive Armour    |       |       |       |       |     1 |       |       |       |       ||     1
         Duel              |       |       |       |       |       |       |       |       |     3 ||     3
    Use: Scroll            |       |     9 |     8 |     7 |     9 |     3 |    12 |     6 |    22 ||    76
         Potion            |       |     1 |     1 |     8 |     2 |     5 |     6 |    16 |    29 ||    68
   Stab: Held in net/web   |       |       |       |       |       |       |     1 |       |       ||     1
 Armour: Scale mail        |    99 |   184 |   117 |       |       |       |       |       |       ||   400
         Chain mail        |       |       |   137 |    38 |       |       |       |       |       ||   175
         Plate armour      |       |       |       |   623 |   884 |   988 |   385 |   427 |   612 ||  3919
         Gold dragon scale |       |       |       |       |       |       |       |       |   138 ||   138
  Dodge: Dodged            |    78 |   136 |   129 |   188 |   333 |   359 |   205 |   195 |   442 ||  2065
  Block: Buckler           |    32 |    54 |    75 |   126 |       |       |       |       |       ||   287
         Tower shield      |       |       |       |   255 |  1328 |  1262 |  1081 |  1148 |  1982 ||  7056
         Reflection        |       |       |       |       |       |       |   104 |   107 |    89 ||   300
Riposte: Morningstar       |       |       |       |       |       |       |       |   252 |   626 ||   878

Table legend: (Time is in decaauts)
 A = Elapsed time spent in this place.
 B = Non-inter-level travel time spent in this place.
 C = Inter-level travel time spent in this place.
 D = Time resting spent in this place.
 E = Time spent auto-exploring this place.
 F = Levels seen in this place.
 G = Mean time per level.
                   A        B        C        D        E       F      G
               +--------+--------+--------+--------+--------+-----+--------+
         Total |  64718 |  49271 |  15447 |   5385 |  25962 |  64 | 1011.2 |
       Dungeon |  17555 |  13914 |   3641 |   1697 |   8456 |  15 | 1170.3 |
        Temple |     20 |      3 |     17 |      0 |      0 |   1 |   20.0 |
          Lair |   6424 |   5491 |    933 |    287 |   3535 |   5 | 1284.8 |
        Shoals |   3918 |   3305 |    613 |    115 |   2063 |   4 |  979.5 |
   Spider Nest |   4110 |   3507 |    603 |    768 |   1461 |   4 | 1027.5 |
    Slime Pits |   3252 |   2287 |    965 |    393 |    967 |   5 |  650.4 |
  Orcish Mines |   1819 |   1191 |    628 |     52 |    757 |   2 |  909.5 |
   Elven Halls |   3335 |   2193 |   1142 |      0 |   1368 |   3 | 1111.7 |
        Vaults |   8600 |   5976 |   2624 |    857 |   2879 |   5 | 1720.0 |
         Crypt |   3090 |   2127 |    963 |    174 |   1048 |   3 | 1030.0 |
        Depths |   4758 |   3185 |   1573 |    206 |   1646 |   4 | 1189.5 |
           Zot |   4894 |   3152 |   1742 |    560 |   1167 |   5 |  978.8 |
        Bazaar |    116 |    116 |      0 |      0 |      0 |   1 |  116.0 |
         Trove |    162 |    162 |      0 |      0 |      0 |   1 |  162.0 |
      Ice Cave |    849 |    849 |      0 |     99 |    254 |   1 |  849.0 |
        Wizlab |    672 |    672 |      0 |      0 |    192 |   1 |  672.0 |
    Desolation |   1066 |   1066 |      0 |    139 |    167 |   1 | 1066.0 |
         Arena |     68 |     68 |      0 |     35 |      0 |   3 |   22.7 |
               +--------+--------+--------+--------+--------+-----+--------+

Top non-repeatable levels by time:
Vaults:4: 2288 daAuts
Vaults:2: 1818 daAuts
     D:9: 1798 daAuts
     D:2: 1794 daAuts
    D:10: 1702 daAuts
Depths:4: 1690 daAuts
Vaults:1: 1673 daAuts
  Lair:3: 1517 daAuts
    D:11: 1491 daAuts
  Lair:2: 1490 daAuts
   Elf:3: 1476 daAuts
Vaults:3: 1448 daAuts
Depths:3: 1396 daAuts
 Crypt:3: 1391 daAuts
Vaults:5: 1372 daAuts
